AoeStats
← Lukan

Arabia

503490474Analyzed
2v2 RM · 3mo ago on Aug 31, 2026· 49m 45s· 4 players
Game mode
Random Map
Map size
Medium (4 player)
Population
200
Speed
Normal
Resources
Standard
Victory
Conquest
Starting age
Dark Age
Ending age
Imperial Age
RankedLock teamsTeams togetherTeam positionsShared explorationLock speedFull tech treeHidden civsTurbo modeCheats
Victory
Defeat
🇩🇪 Wei · Germany
1123
+14
🇵🇪 Byzantines · Peru
1067
+17
vs
🇦🇷 Georgians · Argentina
1085
-16
🇦🇷 Sicilians · Argentina
1084
-15
xKridaa--
8:54 Loom
10:48 Feudal Age
11:59 Double-Bit Axe
17:54 Castle Age
18:08 Stone Mining
21:05 Fletching
23:22 Horse Collar
25:19 Bow Saw
27:08 Husbandry
27:57 Bloodlines
28:26 Wheelbarrow
29:35 Forging
30:28 Scale Barding Armor
31:49 Iron Casting
30:51 Elite Skirmisher
31:39 Gold Mining
33:14 Chain Barding Armor
33:35 Ballistics
32:56 Treadmill Crane
33:19 Heavy Plow
33:56 Stone Shaft Mining
34:42 Hand Cart
34:38 Bodkin Arrow
35:16 Padded Archer Armor
36:21 Leather Archer Armor
41:54 Imperial Age
40:51 Masonry
40:55 Fortified Wall
43:14 Conscription
43:06 Bracer
44:40 Plate Barding Armor
44:17 Elite Monaspa
46:39 Chemistry
47:56 Blast Furnace
48:46 Pikeman
Suhr95
7:10 Loom
9:34 Feudal Age
10:00 Double-Bit Axe
13:16 Wheelbarrow
15:13 Scale Mail Armor
19:59 Fletching
26:13 Castle Age
25:19 Padded Archer Armor
27:07 Forging
26:45 Pikeman
27:43 Chain Mail Armor
30:16 Town Watch
30:54 Leather Archer Armor
30:03 Elite Skirmisher
31:05 Bow Saw
32:55 Bodkin Arrow
35:18 Gold Mining
37:54 Stone Mining
42:37 Imperial Age
41:01 Ballistics
42:08 Stone Shaft Mining
41:57 Masonry
43:07 Hand Cart
43:05 Murder Holes
43:39 Bracer
44:52 Chemistry
44:25 Squires
45:30 Conscription
45:49 Iron Casting
46:11 Town Patrol
47:46 Horse Collar
49:49 First Crusade
49:37 Hauberk
Lukan
6:03 Loom
9:23 Feudal Age
9:53 Double-Bit Axe
16:44 Forging
22:30 Castle Age
21:01 Fletching
21:22 Gold Mining
22:31 Stone Mining
23:59 Bow Saw
24:26 Wheelbarrow
24:24 Horse Collar
25:24 Iron Casting
25:36 Stone Shaft Mining
25:56 Scale Barding Armor
26:31 Gold Shaft Mining
26:28 Elite Skirmisher
26:50 Elite Skirmisher
27:53 Padded Archer Armor
33:29 Imperial Age
33:42 Hand Cart
34:03 Thumb Ring
33:57 Bodkin Arrow
34:07 Husbandry
35:14 Heavy Plow
36:10 Bracer
37:28 Pikeman
38:11 Scale Mail Armor
39:18 Chemistry
38:20 Treadmill Crane
38:52 Squires
39:20 Chain Mail Armor
39:32 Conscription
40:43 Two-Man Saw
39:28 Halberdier
40:41 Plate Mail Armor
40:35 Gambesons
44:27 Arson
46:46 Light Cavalry
48:06 Chain Barding Armor
48:35 Crop Rotation
48:35 Hussar
XHama_kurdeX
7:56 Loom
11:04 Feudal Age
13:22 Fletching
22:42 Castle Age
21:56 Double-Bit Axe
24:15 Forging
24:02 Bodkin Arrow
24:58 Bloodlines
28:05 Padded Archer Armor
30:32 Leather Archer Armor
31:49 Wheelbarrow
31:52 Scale Barding Armor
32:11 Ballistics
34:53 Hand Cart
35:56 Thumb Ring
39:37 Imperial Age
38:24 Thumb Ring
40:29 Chain Barding Armor
40:19 Forging
40:25 Tuntian
41:09 Bow Saw
42:10 Parthian Tactics
42:22 Parthian Tactics
42:26 Conscription
44:48 Iron Casting
44:15 Bracer
44:46 Ring Archer Armor
46:50 Chemistry
46:57 Elite Tiger Cavalry
49:13 Blast Furnace
50:36 Ming Guang Armor
Connection lost

Rejoining the realm…

Still unreachable

The connection could not be restored.

Session expired

The server has moved on; the page needs a fresh start.